 Dungeon Crawl Stone Soup version 0.30.0-19-g36f170ea60 (webtiles) character file.

Game seed: 15399321354482305298

80 CaptainMV the Cudgeller (level 4, 0/30 HPs)
             Began as a Demonspawn Wanderer on May 30, 2023.
             Killed by an exploding adder (29 damage)
             ... ignited by their inner flame
             ... on level 3 of the Dungeon.
             The game lasted 00:13:55 (1087 turns).

CaptainMV the Cudgeller (Demonspawn Wanderer)       Turns: 1087, Time: 00:13:58

Health: 0/30       AC:  3    Str: 13    XL:     4   Next: 18%
Magic:  2/7        EV: 11    Int: 16    God:
Gold:   58         SH:  5    Dex: 11    Spells: 2/7 levels left

rFire   . . .        a - +0 mace
rCold   . . .        (no shield)
rNeg    . . .        d - +0 robe
rPois   .            (helmet restricted)
rElec   .            (no cloak)
rCorr   .            (no gloves)
SInv    .            j - +0 pair of boots
Will    .....        i - amulet of reflection
Stlth   +            (no ring)
HPRegen 0.25/turn    (no ring)
MPRegen 0.10/turn

%: reflection
@: very slightly contaminated
A: horns 1, foul stench 1, weakness stinger 1
a: no special abilities


You were on level 3 of the Dungeon.
You visited 1 branch of the dungeon, and saw 3 of its levels.

You collected 58 gold pieces.

Inventory:

Hand Weapons
 a - a +0 mace (weapon)
 k - a +0 dagger
Missiles
 e - 6 poisoned darts (quivered)
Armour
 d - a +0 robe (worn)
 j - a +0 pair of boots (worn)
Jewellery
 h - a ring of resist corrosion
 i - an amulet of reflection (around neck)
Wands
 b - a wand of flame (4)
Potions
 c - a potion of lignification
 f - a potion of curing {unknown}
 g - a potion of haste


   Skills:
 + Level 0.1 Fighting
 + Level 3.7 Maces & Flails
 + Level 0.3 Dodging
 + Level 2.0 Spellcasting
 + Level 3.3 Hexes
 + Level 3.1 Evocations


You had 2 spell levels left.
You knew the following spells:

 Your Spells              Type           Power      Damage    Failure   Level
a - Slow                  Hex            48%        N/A       5%          1
b - Inner Flame           Hex/Fire       6%         N/A       30%         3
c - Magic Dart            Conj           4%         1d3       21%         1

Your spell library contained the following spells:

 Spells                   Type           Power      Damage    Failure   Level
 Call Imp                 Summ           2%         N/A       30%         2
 Cigotuvi's Dreadful Rot  Necr/Pois/Air  2%         N/A       30%         2
 Sublimation of Blood     Necr           1%         N/A       30%         2
 Wereblood                Tmut           1%         N/A       30%         2
 Anguish                  Hex/Necr       3%         N/A       71%         4
 Dispel Undead            Necr           1%         3d6       90%         4
 Death Channel            Necr           0%         N/A       100%        6
 Iron Shot                Conj/Erth      0%         9d1       100%        6
 Summon Hydra             Summ           0%         N/A       100%        7


Dungeon Overview and Level Annotations

Branches:
Dungeon (3/15)

Altars:

Shops:
D:1 (


Innate Abilities, Weirdness & Mutations

You have a pair of small horns on your head.
You may rarely emit foul miasma when damaged in melee.
You have a small tail.


Message History

You kill the hobgoblin!
You pick up the Grimoire of the Prime Gang and begin reading...
You add the spells Magic Dart, Call Imp and Iron Shot to your library.
Memorise Magic Dart, consuming 1 spell level and leaving 2?
You start memorising the spell.
You continue memorising.
You finish memorising.
Spell assigned to 'c'.
There is a stone staircase leading down here.
You climb downwards.
There is a stone staircase leading up here.
A jackal comes into view.
An adder comes into view.
The adder hisses angrily.
Casting: Slow (safe; 5% risk of failure)
Confirm with . or Enter, or press ? or * to list all spells.
The spell is quite dangerous to miscast (30% risk of failure)!
Continue anyway?
Aiming: Inner Flame (quite dangerous; 30% risk of failure)
Press: ? - help, Dir - move target, f - adder
Aim: an adder (chance to affect: 60%)
The adder is filled with an inner flame.
Casting: Inner Flame (quite dangerous; 30% risk of failure)
Confirm with . or Enter, or press ? or * to list all spells.
Aiming: Magic Dart (safe; 21% risk of failure)
Press: ? - help, Shift-Dir - straight line, f/p - adder
Aim: an adder (inner flame, 100% to hit)
You miscast Magic Dart.
You are very lightly contaminated with residual magic.
Nothing appears to happen.
You barely miss the adder. The adder bites you but does no damage.
The adder bites you.
You closely miss the adder. Your headbutt misses the adder.
Your tail-slap misses the adder.
The adder closely misses you. The adder barely misses you.
You sock the adder!
Flame seeps out of the adder.
Your tail-slap misses the adder.
The adder is severely wounded.
The adder is engulfed in blazing flames.
The adder explodes!
The fiery explosion engulfs you!!
Ouch! That really hurt!
You die...

#.# .# .. #..# .##. .
.. #...#... ..
h.#.#....#. .. ...#.
#..# .#
#.#.##..##..##.
#...§§.#..#.... ###
###...§○#....#
...........#@.##..#
....####..#...##...#
......##.#..........#
..............##.....
..................###
.......<.........##
####.............#
#.......####..#
#######.# ..#


There were no monsters in sight!

Vanquished Creatures
  4 adders
  A worm (D:2)
  A dart slug (D:1)
  11 ball pythons
  3 giant cockroaches
  4 goblins
  6 hobgoblins
  2 jackals (D:1)
  2 quokkas
  4 bats
  4 frilled lizards (D:1)
  3 kobolds
  2 rats (D:2)
47 creatures vanquished.

Notes
Turn   | Place    | Note
-------+----------+-------------------------------------------
     0 | D:1      | CaptainMV the Demonspawn Wanderer began the quest for the
                  | Orb.
     0 | D:1      | CaptainMV set off with the following items: a +0 mace, a
                  | wand of flame (4), a potion of lignification, a +0 robe;
                  | and the following spell memorised: Slow; and the following
                  | spells available to memorise: Inner Flame, Anguish.
     0 | D:1      | Reached XP level 1. HP: 13/13 MP: 2/2
   120 | D:1      | Gained mutation: You may rarely emit foul miasma when
                  | damaged in melee. [demonic ancestry]
   120 | D:1      | Reached XP level 2. HP: 19/19 MP: 1/3
   187 | D:1      | Found Ighydgh's Antique Weapon Shoppe.
   588 | D:2      | Discovered your monstrous ancestry.
   588 | D:2      | Gained mutation: You have a pair of small horns on your
                  | head. [demonic ancestry]
   588 | D:2      | Reached XP level 3. HP: 21/24 MP: 3/5
   592 | D:2      | Learned a level 3 spell: Inner Flame
   717 | D:2      | Gained mutation: You have a small tail. [demonic ancestry]
   717 | D:2      | Reached XP level 4. HP: 21/30 MP: 1/7
  1045 | D:2      | Got the Grimoire of the Prime Gang
  1050 | D:2      | Learned a level 1 spell: Magic Dart
  1087 | D:3      | Killed by an exploding adder... ignited by their inner
                  | flame

Illustrated notes

Levels and vault maps discovered:
D:1:      dpeg_arrival_stone_temple_mockup, layout_basic, serial_shops,
          nicolae_shop_advertising_works [nicolae_subvault_shop_adworks]
D:2:      minmay_evil_eye, layout_basic, minmay_crystal_water,
          minmay_misc_feat_room, uniq_terence
D:3:      minmay_octagon_keep, layout_rooms, lemuel_doored_altar, serial_shops,
          nicolae_diamond_shop, st_stairs_3, minivault_26

Skill      XL: |  1  2  3 |
---------------+----------+-----
Maces & Flails | 3 |  3.7
Spellcasting   | 2 |  2.0
Fighting       | |  0.1
Dodging        | |  0.3
Hexes          | |  3.3
Evocations     | |  3.1

Action                     |  1- 3 |  4- 6 || total
---------------------------+-------+-------++-------
  Melee: Mace              |   103 |    16 ||   119
         Headbutt          |     4 |     1 ||     5
         Tailslap          |       |     1 ||     1
  Throw: Dart              |     8 |     4 ||    12
   Cast: Slow              |    22 |     7 ||    29
         Inner Flame       |     3 |     5 ||     8
    Use: Scroll            |     4 |       ||     4
 Armour: Robe              |    18 |     2 ||    20
  Dodge: Dodged            |    86 |     8 ||    94
  Block: Other             |     3 |     4 ||     7
